 Dungeon Crawl Stone Soup version 0.21.1-1-g345015fe64 (webtiles) character file.

18595 Oravi the Nimble (level 12, -18/91 HPs)
             Began as a Merfolk Transmuter on May 1, 2018.
             Was a High Priest of Okawaru.
             Demolished by a phantasmal warrior (32 damage)
             ... led by a death knight
             ... on level 13 of the Dungeon on May 2, 2018.
             The game lasted 01:08:23 (13514 turns).

Oravi the Nimble (Merfolk Transmuter)              Turns: 13514, Time: 01:08:24

Health: -18/91     AC: 14    Str: 11    XL:     12   Next: 60%
Magic:  3/16       EV: 22    Int: 22    God:    Okawaru [*****.]
Gold:   695        SH:  0    Dex: 14    Spells: 2/16 levels left

rFire    x . .     SeeInvis .     - Unarmed
rCold    + + +     Gourm    .   (shield currently unavailable)
rNeg     . . .     Faith    .   (armour currently unavailable)
rPois    +         Spirit   .   (helmet currently unavailable)
rElec    .         Reflect  .   (cloak currently unavailable)
rCorr    .         Harm     .   (gloves currently unavailable)
MR       .....                  (boots currently unavailable)
Stlth    +++.......             Q - amulet of regeneration
HPRegen  0.65/turn              I - +6 ring of protection
MPRegen  0.15/turn              Y - +5 ring of intelligence

@: ice-form, vulnerable, heroism, slowed, very slow
A: large, (change form in water), (swift swim), (stealthy swim)
a: End Transformation, Heroism, Finesse, Renounce Religion


You were on level 13 of the Dungeon.
You worshipped Okawaru.
Okawaru was extremely pleased with you.
You were not hungry.
You were a creature of crystalline ice.
You visited 2 branches of the dungeon, and saw 14 of its levels.

You collected 695 gold pieces.

Inventory:

Missiles
 a - 393 arrows
 e - 281 stones
 i - 26 tomahawks
 m - 3 poisoned tomahawks
 x - 5 javelins (quivered)
Armour
 b - a +0 robe (melded)
 q - a +0 pair of boots of running
 t - the +1 pair of boots of Disappointment (melded) {rN+ Str+3}
   (You found it on level 10 of the Dungeon)

   It affects your strength (+3).
   It protects you from negative energy.
 y - a +0 pair of gloves (melded)
 U - a +2 helmet of intelligence (melded)
Jewellery
 g - an uncursed ring of protection from magic
 r - a +3 ring of strength
 I - a +6 ring of protection (left front paw)
 Q - an amulet of regeneration (around neck)
 Y - a +5 ring of intelligence (right front paw)
Wands
 o - a wand of polymorph (7)
 D - a wand of acid (7)
 E - a wand of iceblast (24)
 T - a wand of random effects (23)
 X - a wand of disintegration (13)
Scrolls
 h - 6 scrolls of amnesia
 l - 3 scrolls of magic mapping
 w - 2 scrolls of fear
 F - a scroll of immolation
 J - a scroll of fog
 O - 2 scrolls of teleportation
 P - a scroll of identify
 R - 3 scrolls of blinking
 S - a scroll of remove curse
Potions
 f - 2 potions of curing
 j - a potion of haste
 k - 3 potions of agility
 n - 2 potions of magic
 p - a potion of brilliance
 s - a potion of cancellation
 u - a potion of lignification
 z - a potion of ambrosia
 A - a potion of invisibility
 B - a potion of might
 V - a potion of mutation
 W - a potion of resistance
 Z - a potion of flight
Books
 c - a book of Changes

   Spells                             Type                      Level
   a - Beastly Appendage              Transmutation                1
   b - Sticks to Snakes               Transmutation                2
   c - Spider Form                    Transmutation/Poison         3
   d - Ice Form                       Ice/Transmutation            4
   e - Blade Hands                    Transmutation                5
 v - a book of Power

   Spells                             Type                      Level
   a - Iskenderun's Battlesphere      Conjuration/Charms           5
   b - Venom Bolt                     Conjuration/Poison           5
   c - Bolt of Magma                  Conjuration/Fire/Earth       5
   d - Iron Shot                      Conjuration/Earth            6
   e - Orb of Destruction             Conjuration                  7
   f - Spellforged Servitor           Conjuration/Summoning        7
 C - a book of Necromancy

   Spells                             Type                      Level
   a - Pain                           Necromancy                   1
   b - Animate Skeleton               Necromancy                   1
   c - Vampiric Draining              Necromancy                   3
   d - Regeneration                   Charms/Necromancy            3
   e - Animate Dead                   Necromancy                   4
   f - Borgnjor's Vile Clutch         Necromancy/Earth             5
 G - a book of Maledictions

   Spells                             Type                      Level
   a - Corona                         Hexes                        1
   b - Ensorcelled Hibernation        Hexes/Ice                    2
   c - Confuse                        Hexes                        3
   d - Tukima's Dance                 Hexes                        3
   e - Dazzling Spray                 Conjuration/Hexes            3
 H - a book of Cantrips

   Spells                             Type                      Level
   a - Confusing Touch                Hexes                        1
   b - Animate Skeleton               Necromancy                   1
   c - Summon Small Mammal            Summoning                    1
   d - Apportation                    Translocation                1
 L - a book of Transfigurations

   Spells                             Type                      Level
   a - Irradiate                      Conjuration/Transmutation    5
   b - Statue Form                    Transmutation/Earth          6
   c - Hydra Form                     Transmutation                6
   d - Dragon Form                    Transmutation                7
 M - a book of Enchantments

   Spells                             Type                      Level
   a - Cause Fear                     Hexes                        4
   b - Yara's Violent Unravelling     Hexes/Transmutation          5
   c - Silence                        Hexes/Air                    5
   d - Deflect Missiles               Charms/Air                   6
   e - Discord                        Hexes                        8
Miscellaneous
 N - a lightning rod (4/4)
Comestibles
 d - 22 rations
 K - 5 chunks of flesh


   Skills:
 - Level 1.1(6.1) Fighting
 - Level 14.8(19.8) Dodging
 - Level 13.5(18.5) Unarmed Combat
 + Level 2.9 Spellcasting
 + Level 11.4 Transmutations
 + Level 6.5 Ice Magic
 - Level 3.2 Poison Magic


You had 2 spell levels left.
You knew the following spells:

 Your Spells              Type           Power        Failure   Level  Hunger
a - Spider Form           Tmut/Pois      #####.....   1%          3    ###....
b - Sticks to Snakes      Tmut           ######..     1%          2    ##.....
c - Ice Form              Ice/Tmut       #####...     3%          4    ####...
d - Blade Hands           Tmut           ######....   3%          5    ######.


Dungeon Overview and Level Annotations

Branches:
Dungeon (13/15)            Temple (1/1) D:5            Lair (0/6) D:10
    Orc (0/2) D:10
 Vaults: D:13-14

Altars:
Ashenzari
Cheibriados
Dithmenos
Elyvilon
Fedhas
Gozag
Hepliaklqana
Kikubaaqudgha
Makhleb
Nemelex Xobeh
Okawaru
Qazlal
Ru
Sif Muna
Trog
Uskayaw
Vehumet
Wu Jian
Xom
Yredelemnul
Zin
The Shining One

Portals:
Ice
Cave: D:13

Annotations:
D:4 1 runed door
D:6 2 runed doors
D:10 Snorg


Message History

The phantasmal warrior hits you! The wraith completely misses you.
The white imp gestures at you. The puff of frost hits you! You resist.
The white imp gestures at you. The puff of frost misses you.
The phantasmal warrior blinks!
The wraith hits you. The wraith drains your vigour!
You feel yourself slow down.
The death knight offers itself to Yredelemnul, and fills with unholy energy.
The freezing wraith barely misses you. The freezing wraith hits you.
The wraith hits you! The wraith drains your vigour!
You feel as though you will be slow longer.
The white imp gestures at you. The puff of frost hits you!
The wraith misses you. The phantasmal warrior hits you!!!
* * * LOW HITPOINT WARNING * * *
You feel better. The white imp barely misses you.
The wraith completely misses you.
The freezing wraith hits you but does no damage.
The freezing wraith barely misses you. The phantasmal warrior hits you!!
You die...

,>,,,,,,,,.......#####....# *,,
***,,,,,,,..............%.####*,,
*,,,,,,,....................,,,
*,,,,,,,........55..5.......,,,
*,,,,,,,.###...#####........,,,
*,,,,,,,,###...# #........,,,
*,,,,,,,,#..$..#####........,,,
*,,,,,,..#.....W...5........,,,
*,,,,,,.....∩.YW5.p5........,,,
*,,,,,,.?....W555...........,**
*,,,,,,.?#.....5.......#####,*,
*,,,***,,###...........# *,,,
*,,,* *,,* #...........# ***,
*,,,* *,,* #...........# ***
*,,,* *,,* #...........# *,,
*,,,* *,,* #...........* *,,
*,,,* *,,* *,,,,,,,,,,,* *,,


You could see a death knight, a phantasmal warrior, a freezing wraith, a wraith
and 7 white imps.

Vanquished Creatures
  A hydra (D:8)
  3 two-headed ogres
  The ghost of DildoBatman the Stinger, a novice FoWz of Sif Muna (D:8)
  2 unseen horrors
  A deep elf mage (D:13)
  A wolf spider zombie (D:12)
  A manticore (D:13)
  An ugly thing (D:11)
  A troll (D:10)
  A hornet (D:9)
  2 dream sheep (D:8)
  3 hippogriffs
  Sigmund (D:4)
  2 wyverns
  2 water elementals (D:11)
  22 yaks
  Grum (D:10)
  3 hungry ghosts
  3 vampire mosquitoes
  Edmund (D:5)
  4 ice beasts
  4 orc warriors
  3 sky beasts
  An ogre (D:7)
  2 wolves (D:10)
  The ghost of Name63 the Skirmisher, an amateur FoAK of Lugonu (D:3)
  An eye of draining (D:13)
  2 phantoms
  19 centaurs
  5 big kobolds
  6 bullfrogs
  A gnoll sergeant (D:6)
  A wyvern zombie (D:10)
  A scorpion (D:7)
  4 wights (D:9)
  2 howler monkeys (D:9)
  3 electric eels (D:11)
  A crimson imp (D:5)
  A centaur zombie (D:6)
  A quasit (D:10)
  5 jellies
  4 hounds
  9 orc priests
  6 orc wizards
  6 centaur skeletons
  2 iguanas
  9 worker ants
  A hound zombie (D:6)
  A hound skeleton (D:8)
  2 worker ant zombies (D:10)
  7 gnolls
  7 adders
  A shadow imp (D:7)
  5 white imps (D:13)
  An ooze (D:1)
  2 adder zombies
  A worm (D:2)
  An adder skeleton (D:9)
  2 dart slugs
  5 leopard geckos
  62 orcs
  2 ball pythons
  4 giant cockroaches
  5 goblins
  9 hobgoblins
  6 jackals
  6 quokkas
  6 bats
  6 frilled lizards
  A jackal skeleton (D:8)
  21 kobolds
  A leopard gecko zombie (D:6)
  A quokka zombie (D:7)
  4 rats
327 creatures vanquished.

Vanquished Creatures (collateral kills)
  The ghost of tensugalgo the Twirler, a novice FoFi (D:5)
  The ghost of Tegun the Chopper, an amateur DsSk (D:4)
2 creatures vanquished.

Grand Total: 329 creatures vanquished

Notes
Turn   | Place    | Note
-------+----------+-------------------------------------------
     0 | D:1      | Oravi the Merfolk Transmuter began the quest for the Orb.
     0 | D:1      | Reached XP level 1. HP: 15/15 MP: 3/3
   326 | D:1      | Reached XP level 2. HP: 15/21 MP: 3/5
   488 | D:1      | Reached XP level 3. HP: 21/26 MP: 4/6
   492 | D:1      | Learned a level 2 spell: Sticks to Snakes
   496 | D:1      | Learned a level 3 spell: Spider Form
  1021 | D:2      | Reached skill level 1 in Poison Magic
  1036 | D:2      | Reached XP level 4. HP: 12/32 MP: 3/7
  1672 | D:2      | Found a faded altar of an unknown god.
  2582 | D:3      | Noticed Name63's ghost (amateur FoAK)
  2603 | D:3      | Killed Name63's ghost
  2603 | D:3      | Reached skill level 5 in Transmutations
  2603 | D:3      | Reached XP level 5. HP: 28/37 MP: 1/8
  2799 | D:3      | Reached skill level 5 in Unarmed Combat
  2921 | D:3      | You fall through a shaft!
  2923 | D:4      | Reached XP level 6. HP: 43/43 MP: 5/9
  3224 | D:4      | Noticed a phantom
  3238 | D:4      | Killed a phantom
  3308 | D:4      | Noticed Sigmund
  3333 | D:4      | Killed Sigmund
  3333 | D:4      | Reached skill level 3 in Dodging
  3333 | D:4      | Reached XP level 7. HP: 28/48 MP: 3/10
  3469 | D:4      | Reached skill level 4 in Dodging
  3767 | D:4      | Noticed Tegun's ghost (amateur DsSk)
  3825 | D:4      | Killed Tegun's ghost
  3930 | D:4      | Found a runed door.
  3935 | D:4      | Found a glowing silver altar of Zin.
  3935 | D:4      | Noticed an angel
  4087 | D:5      | Entered Level 5 of the Dungeon
  4088 | D:5      | Found a sparkling altar of Nemelex Xobeh.
  4088 | D:5      | Noticed tensugalgo's ghost (novice FoFi)
  4105 | D:5      | Killed tensugalgo's ghost
  4105 | D:5      | Reached skill level 6 in Dodging
  4105 | D:5      | Reached XP level 8. HP: 38/54 MP: 2/11
  4204 | D:5      | Noticed Edmund
  4216 | D:5      | Killed Edmund
  4216 | D:5      | Reached skill level 7 in Dodging
  4475 | D:5      | Found a staircase to the Ecumenical Temple.
  4488 | Temple   | Entered the Ecumenical Temple
  4569 | Temple   | Became a worshipper of Warmaster Okawaru
  5043 | D:6      | Reached skill level 8 in Dodging
  5260 | D:6      | Found a runed door.
  5273 | D:6      | Found a runed door.
  5290 | D:6      | Reached XP level 9. HP: 56/59 MP: 8/12
  5607 | D:6      | Reached * piety under Okawaru
  5612 | D:6      | Reached skill level 9 in Dodging
  6794 | D:8      | Reached skill level 10 in Dodging
  6825 | D:8      | Killed an unseen horror
  6825 | D:8      | Reached ** piety under Okawaru
  6825 | D:8      | Reached skill level 10 in Unarmed Combat
  7033 | D:8      | Reached skill level 11 in Dodging
  7077 | D:8      | Noticed DildoBatman's ghost (novice FoWz)
  7145 | D:8      | Killed DildoBatman's ghost
  7145 | D:8      | Reached *** piety under Okawaru
  7145 | D:8      | Reached XP level 10. HP: 36/65 MP: 3/13
  7304 | D:8      | Found an ornate altar of the Wu Jian Council.
  7513 | D:8      | Found an opulent altar of Gozag.
  7773 | D:8      | Reached skill level 12 in Dodging
  7859 | D:8      | Noticed a three-headed hydra
  7897 | D:8      | Killed a three-headed hydra
  7996 | D:9      | Learned a level 4 spell: Ice Form
  8261 | D:9      | Reached **** piety under Okawaru
  8261 | D:9      | Reached skill level 1 in Ice Magic
  8649 | D:9      | Noticed a two-headed ogre
  8676 | D:9      | Killed a two-headed ogre
  8676 | D:9      | Reached skill level 13 in Dodging
  8676 | D:9      | Reached XP level 11. HP: 27/70 MP: 14/14
  9289 | D:10     | Entered Level 10 of the Dungeon
  9314 | D:10     | Got a twisted trident
  9384 | D:10     | Noticed Grum
  9396 | D:10     | Killed Grum
  9636 | D:10     | Reached ***** piety under Okawaru
  9868 | D:10     | Found a staircase to the Orcish Mines.
  9958 | D:10     | Found a staircase to the Lair.
 10097 | D:10     | Noticed Snorg
 10105 | D:10     | Noticed a two-headed ogre
 11020 | D:10     | Got a pair of steaming boots
 11121 | D:10     | Identified the +1 pair of boots of Disappointment {rN+ Str+3} (You found it on level 10 of the Dungeon)
 11207 | D:11     | Received a gift from Okawaru
 11808 | D:11     | Reached skill level 5 in Ice Magic
 12140 | D:11     | Learned a level 5 spell: Blade Hands
 12398 | D:12     | Reached skill level 14 in Dodging
 12412 | D:12     | Reached skill level 10 in Transmutations
 12429 | D:12     | Noticed a white ugly thing
 12480 | D:12     | Noticed a two-headed ogre
 12489 | D:12     | Killed a two-headed ogre
 12513 | D:12     | Reached XP level 12. HP: 71/76 MP: 15/15
 12645 | D:12     | Killed a two-headed ogre
 12692 | D:12     | Identified a +0 pair of boots of running (Okawaru gifted it to you on level 11 of the Dungeon)
 12795 | D:12     | Received a gift from Okawaru
 13479 | D:13     | Found a frozen archway.
 13488 | D:13     | Noticed a death knight
 13513 | D:13     | HP: 3/91 [phantasmal warrior[a death knight] (38)]
 13514 | D:13     | Demolished by a phantasmal warrior

Skill      XL: |  1  2  3  4  5  6  7  8  9 10 11 12 |
---------------+-------------------------------------+-----
Transmutations | 3 4 5 6 7 10 11 | 11.4
Unarmed Combat | 4 5 7 8 10 12 13 | 13.5
Poison Magic   | 1 2 3 |  3.2
Dodging        | 3 6 8 11 13 14 | 14.8
Ice Magic      | 2 5 6 |  6.5
Fighting       | |  1.1
Spellcasting   | |  2.9

Action                   |  1- 3 |  4- 6 |  7- 9 | 10-12 || total
-------------------------+-------+-------+-------+-------++-------
Melee: Unarmed           |    99 |   113 |   293 |   668 ||  1173
       Headbutt          |     6 |       |       |       ||     6
       Punch             |     1 |       |       |       ||     1
Throw: Javelin           |       |       |     6 |    33 ||    39
 Cast: Beastly Appendage |    15 |       |       |       ||    15
       Spider Form       |     4 |    23 |    42 |    64 ||   133
       Sticks to Snakes  |       |     3 |    11 |    19 ||    33
       Blade Hands       |       |       |       |     2 ||     2
       Ice Form          |       |       |       |     1 ||     1
Invok: Heroism           |       |       |       |     3 ||     3
 Abil: End Transformatio |       |       |     1 |     3 ||     4
Evoke: Wand              |       |       |       |     5 ||     5
  Use: Scroll            |       |    10 |    10 |    13 ||    33
       Potion            |       |       |     1 |     5 ||     6
 Stab: Sleeping          |     1 |       |     1 |     3 ||     5
       Distracted        |       |       |     1 |     1 ||     2
  Eat: Chunk             |     2 |     7 |    18 |    29 ||    56
       Ration            |       |     1 |       |     1 ||     2
Armor: Robe              |     4 |     1 |     5 |     7 ||    17
       Skin              |       |     4 |    10 |    42 ||    56
Dodge: Dodged            |    62 |    79 |   250 |   705 ||  1096
